Blackhawks vs Blue Jackets (R1)

Created - February 20, 2019 at 06:51

Goals
1 2 3 T
Blackhawks 2 1 3 6
Blue Jackets 2 0 1 3
Shots
1 2 3 T
Blackhawks 15 5 7 27
Blue Jackets 10 9 6 25

1st period

1. Blackhawks , Rick Nash 25 (Antoine Roussel 30, Denis Grebeshkov 13) at 4:28
2. Blue Jackets , Rostislav Olesz 7 (Mike Comrie 12) at 12:33
3. Blackhawks , Mike Green 6 (Antoine Roussel 31, Derick Brassard 42) at 13:07 (PP)
4. Blue Jackets , Devin Setoguchi 12 (Rostislav Olesz 12, Pavel Datsyuk 47) at 15:43

Penalties :
Daniel Cleary (Chi) for Tripping (Minor) at 10:07, Pavel Datsyuk (Clb) for Slashing (Double Minor) at 13:04, Mike York (Clb) for Roughing (Minor) at 19:53

2nd period

5. Blackhawks , Rick Nash 26 (Derick Brassard 43, Denis Grebeshkov 14) at 4:30 (SH)

Penalties :
Branislav Mezei (Clb) for Hooking (Minor) at 2:30, Bobby Ryan (Chi) for Hooking (Minor) at 3:06, Peter Mueller (Clb) for Interference (Minor) at 5:41, Antoine Roussel (Chi) for Hooking (Minor) at 15:36, Jimmy Howard (Chi) for Delaying the game (Minor) at 18:05 - Dalton Prout served the penalty, Rick Nash (Chi) for Holding (Minor) at 18:38

3rd period

6. Blackhawks , Joni Pitkanen 7 (Derick Brassard 44, Mike Green 22) at 1:40 (PP)
7. Blackhawks , Chris Kreider 20 (Bobby Ryan 26, Peter Regin 12) at 3:52 (PP)
8. Blue Jackets , Martin Havlat 25 (Branislav Mezei 13) at 5:09 (PP)
9. Blackhawks , Rick Nash 27 (Denis Grebeshkov 15, Lasse Kukkonen 8) at 7:29

Penalties :
Max Pacioretty (Clb) for Roughing (Minor) at 1:28, Peter Mueller (Clb) for Hooking (Minor) at 2:43, Dalton Prout (Chi) for Hooking (Minor) at 4:51, Dennis Wideman (Clb) for Hooking (Minor) at 9:19, Timothy Kunes (Clb) for Interference (Minor) at 16:57, Antoine Roussel (Chi) for Interference (Minor) at 19:29

Goalie Stats

Jimmy Howard (Chi), 22 saves from 25 shots - (0.880), W, 21-16-4, 60:00 minutes
Marek Schwarz (Clb), 3 saves from 4 shots - (0.750), 16:08 minutes
Rick DiPietro (Clb), 18 saves from 23 shots - (0.783), L, 25-19-6, 43:52 minutes

Players Stats for Blackhawks

Player Name              G  A  P  +/- PIM S  H  SB GA TA FO     MP     PP MP  PK MP  
------------------------------------------------------------------------------------
Antoine Roussel          0  2  2   0  4   4  0  0  1  0  0/2    18:53   6:22   0:53 
Bobby Ryan               0  1  1   0  2   2  0  0  0  0  0/1    18:11   4:51   1:15 
Cam Janssen              0  0  0   0  0   2  1  0  0  0  0/0    11:16   0:41   0:00 
Chris Kreider            1  0  1   0  0   4  1  0  0  0  0/2    17:18   4:52   0:28 
Dalton Prout             0  0  0  -1  2   1  0  0  0  0  0/0    10:11   0:00   0:33 
Daniel Cleary            0  0  0   0  2   0  1  0  0  0  1/3     7:37   0:26   2:27 
Denis Grebeshkov         0  3  3   2  0   1  1  1  0  1  0/0    21:14   4:23   2:43 
Derick Brassard          0  3  3   1  0   2  0  2  1  0  14/30  24:14   6:22   4:37 
Hampus Lindholm          0  0  0   0  0   1  0  0  0  0  0/0     2:29   0:00   0:00 
Joni Pitkanen            1  0  1   0  0   1  1  4  1  2  0/0    27:10   7:32   5:11 
Kevin Marshall           0  0  0  -1  0   0  0  0  0  0  0/0     9:25   0:00   0:00 
Lasse Kukkonen           0  1  1   2  0   0  1  1  2  1  0/0    21:14   4:23   2:43 
Mason Raymond            0  0  0   0  0   0  1  0  0  0  0/0     4:51   0:15   0:00 
Mike Green               1  1  2   0  0   1  1  1  1  1  0/0    28:50   7:32   5:11 
Peter Regin              0  1  1   0  0   0  0  0  0  1  5/8    16:46   4:52   0:00 
Rick Nash                3  0  3   1  2   5  0  0  0  0  6/12   25:37   6:22   3:21 
Tomas Fleischmann        0  0  0   0  0   2  2  1  1  0  0/0    12:06   0:26   0:00 
Zac Rinaldo              0  0  0   0  0   1  3  0  0  0  2/4    11:49   0:15   0:47 

Players Stats for Blue Jackets

Player Name              G  A  P  +/- PIM S  H  SB GA TA FO     MP     PP MP  PK MP  
------------------------------------------------------------------------------------
A.J Thelen               0  0  0   0  0   1  0  2  0  0  0/0    19:54   3:38   4:59 
Andreas Nodl             0  0  0   0  0   1  3  0  0  1  0/0    11:28   0:00   2:27 
Branislav Mezei          0  1  1  -1  2   0  0  1  0  1  0/0    19:46   3:39   4:51 
Dennis Wideman           0  0  0  -1  2   0  3  1  0  1  0/0    28:31   4:16   5:52 
Devin Setoguchi          1  0  1   1  0   3  0  1  0  0  0/0    17:56   3:25   3:08 
Kevin Porter             0  0  0   0  0   0  1  0  0  0  3/5     6:50   0:00   0:21 
Marcus Nilson            0  0  0   0  0   0  1  0  0  0  1/1    11:03   0:00   2:03 
Martin Havlat            1  0  1  -2  0   3  4  1  2  1  5/13   24:25   4:29   6:38 
Max Pacioretty           0  0  0  -1  2   1  1  0  0  0  1/2    19:17   4:28   3:08 
Mike Comrie              0  1  1   1  0   3  1  0  0  1  10/16  14:48   3:25   0:00 
Mike Lundin              0  0  0  -1  0   1  2  2  1  1  0/0    29:15   4:16   6:56 
Mike York                0  0  0   0  2   0  1  0  0  0  0/0     7:00   0:00   0:32 
Pavel Datsyuk            0  1  1  -2  4   4  1  1  2  0  12/23  23:45   4:29   5:33 
Peter Mueller            0  0  0   0  4   3  1  0  1  0  2/2     8:46   0:00   0:00 
Rostislav Olesz          1  1  2   1  0   2  3  0  0  0  0/0    14:48   3:25   0:00 
Ryan Wilson              0  0  0   0  0   2  1  0  0  0  0/0    10:42   0:00   0:12 
Timothy Kunes            0  0  0   0  2   0  0  0  0  1  0/0    11:51   0:00   1:00 
Tyler Kennedy            0  0  0   0  0   1  1  0  0  0  0/0     6:29   0:00   0:00 

3 Stars

1 - Rick Nash (Chi)
2 - Denis Grebeshkov (Chi)
3 - Derick Brassard (Chi)

Power Play

Blackhawks - 3 on 9 Attempt(s) - 33.33%
Blue Jackets - 1 on 7 Attempt(s) - 14.29%

Penalty Kill

Blackhawks - 6 on 7 Attempt(s) - 85.71% - Score 1 goal in Penalty Kill
Blue Jackets - 6 on 9 Attempt(s) - 66.67% - Score 0 goal in Penalty Kill

Team Stat

Blackhawks - Hits : 13 - Faceoff Wins : 28 - Blocked Shots : 10 - Penalty Minutes : 14
Blue Jackets - Hits : 24 - Faceoff Wins : 34 - Blocked Shots : 9 - Penalty Minutes : 18

Official

Referees : Unknown
Linesman : Unknown

Game Notes

4:28 of 1st period - Blackhawks goal is going for a video replay. After video review, Goal.
Marek Schwarz enters game at 3:52 of 3rd period
Rick Nash has scored a Hat Trick!

Finance

Level 1 -- Attendance: 4916 (81.93%) -- Ticket Income $467,020
Level 2 -- Attendance: 4154 (83.08%) -- Ticket Income $249,240
Level 3 -- Attendance: 2000 (100.00%) -- Ticket Income $70,000
Level 4 -- Attendance: 3752 (93.80%) -- Ticket Income $93,800
Luxury Box -- Attendance: 682 (68.20%) -- Ticket Income $129,580
Game was played at the Ohio State Arena.
Total Attendance: 15504 (86.13%)
Total Ticket Income: $1,009,640
Other Income: $151,446
Total Income: $1,161,086

Blackhawks

5 vs 5 Forward 
   Center                   Left Wing                Right Wing               Time % Phy DF OF 
 1 Derick Brassard          Antoine Roussel          Rick Nash                40     1   2  2  
 2 Peter Regin              Chris Kreider            Bobby Ryan               30     1   2  2  
 3 Zac Rinaldo              Tomas Fleischmann        Cam Janssen              20     1   2  2  
 4 Rick Nash                Mason Raymond            Daniel Cleary            10     1   2  2  

5 vs 5 Defense 
   Defense                  Defense                                           Time % Phy DF OF 
 1 Mike Green               Joni Pitkanen                                     40     1   2  2  
 2 Denis Grebeshkov         Lasse Kukkonen                                    30     1   2  2  
 3 Kevin Marshall           Dalton Prout                                      20     1   2  2  
 4 Hampus Lindholm          Mike Green                                        10     1   2  2  

PowerPlay Forward 
   Center                   Left Wing                Right Wing               Time % Phy DF OF 
 1 Derick Brassard          Antoine Roussel          Rick Nash                60     1   2  2  
 2 Peter Regin              Chris Kreider            Bobby Ryan               40     1   2  2  

PowerPlay Defense
   Defense                  Defense                                           Time % Phy DF OF 
 1 Mike Green               Joni Pitkanen                                     60     1   2  2  
 2 Denis Grebeshkov         Lasse Kukkonen                                    40     1   2  2  

Penalty Kill 4 Players Forward 
   Center                   Wing                     Time % Phy DF OF 
 1 Rick Nash                Derick Brassard          60     1   2  2  
 2 Bobby Ryan               Antoine Roussel          40     1   2  2  

Penalty Kill 4 Players Defense
   Defense                  Defense                  Time % Phy DF OF 
 1 Mike Green               Joni Pitkanen            60     1   2  2  
 2 Denis Grebeshkov         Lasse Kukkonen           40     1   2  2  

Penalty Kill - 3 Players Forward 
   Forward                                           Time % Phy DF OF 
 1 Rick Nash                                         60     1   2  2  
 2 Derick Brassard                                   40     1   2  2  

Penalty Kill - 3 Players Defense
   Defense                  Defense                  Time % Phy DF OF 
 1 Mike Green               Joni Pitkanen            60     1   2  2  
 2 Denis Grebeshkov         Lasse Kukkonen           40     1   2  2  

4 vs 4 Forward 
   Center                   Wing                     Time % Phy DF OF 
 1 Rick Nash                Derick Brassard          60     1   2  2  
 2 Bobby Ryan               Antoine Roussel          40     1   2  2  

4 vs 4 Defense
   Defense                  Defense                  Time % Phy DF OF 
 1 Mike Green               Joni Pitkanen            60     1   2  2  
 2 Denis Grebeshkov         Lasse Kukkonen           40     1   2  2  

Last Minutes Offensive
   Center                   Left Wing                Right Wing               Defense                  Defense                  
   Derick Brassard          Antoine Roussel          Rick Nash                Mike Green               Joni Pitkanen            

Last Minutes Defensive
   Center                   Left Wing                Right Wing               Defense                  Defense                  
   Derick Brassard          Antoine Roussel          Rick Nash                Mike Green               Joni Pitkanen            

Goaltenders
Starting : Jimmy Howard             
Backup : Al Montoya               

Extra Forwards
Normal : Tomas Fleischmann, Cam Janssen, Daniel Cleary - PP : Tomas Fleischmann, Cam Janssen - PK : Daniel Cleary
Extra Defensemen
Normal : Kevin Marshall, Dalton Prout, Hampus Lindholm - PP : Kevin Marshall - PK : Dalton Prout, Hampus Lindholm
Penalty Shots
Rick Nash, Derick Brassard, Bobby Ryan, Antoine Roussel, Chris Kreider

Scratches
Tyler Johnson (Healthy)

Blue Jackets

5 vs 5 Forward 
   Center                   Left Wing                Right Wing               Time % Phy DF OF 
 1 Pavel Datsyuk            Max Pacioretty           Martin Havlat            40     1   2  2  
 2 Mike Comrie              Rostislav Olesz          Devin Setoguchi          30     1   2  2  
 3 Peter Mueller            Marcus Nilson            Andreas Nodl             20     1   2  2  
 4 Kevin Porter             Mike York                Tyler Kennedy            10     1   2  2  

5 vs 5 Defense 
   Defense                  Defense                                           Time % Phy DF OF 
 1 Mike Lundin              Dennis Wideman                                    40     1   2  2  
 2 Branislav Mezei          A.J Thelen                                        30     1   2  2  
 3 Ryan Wilson              Timothy Kunes                                     20     1   2  2  
 4 Mike Lundin              Dennis Wideman                                    10     1   2  2  

PowerPlay Forward 
   Center                   Left Wing                Right Wing               Time % Phy DF OF 
 1 Pavel Datsyuk            Max Pacioretty           Martin Havlat            60     1   2  2  
 2 Mike Comrie              Rostislav Olesz          Devin Setoguchi          40     1   2  2  

PowerPlay Defense
   Defense                  Defense                                           Time % Phy DF OF 
 1 Mike Lundin              Dennis Wideman                                    60     1   2  2  
 2 Branislav Mezei          A.J Thelen                                        40     1   2  2  

Penalty Kill 4 Players Forward 
   Center                   Wing                     Time % Phy DF OF 
 1 Martin Havlat            Pavel Datsyuk            60     1   2  2  
 2 Max Pacioretty           Devin Setoguchi          40     1   2  2  

Penalty Kill 4 Players Defense
   Defense                  Defense                  Time % Phy DF OF 
 1 Mike Lundin              Dennis Wideman           60     1   2  2  
 2 Branislav Mezei          A.J Thelen               40     1   2  2  

Penalty Kill - 3 Players Forward 
   Forward                                           Time % Phy DF OF 
 1 Martin Havlat                                     60     1   2  2  
 2 Pavel Datsyuk                                     40     1   2  2  

Penalty Kill - 3 Players Defense
   Defense                  Defense                  Time % Phy DF OF 
 1 Mike Lundin              Dennis Wideman           60     1   2  2  
 2 Branislav Mezei          A.J Thelen               40     1   2  2  

4 vs 4 Forward 
   Center                   Wing                     Time % Phy DF OF 
 1 Martin Havlat            Pavel Datsyuk            60     1   2  2  
 2 Max Pacioretty           Devin Setoguchi          40     1   2  2  

4 vs 4 Defense
   Defense                  Defense                  Time % Phy DF OF 
 1 Mike Lundin              Dennis Wideman           60     1   2  2  
 2 Branislav Mezei          A.J Thelen               40     1   2  2  

Last Minutes Offensive
   Center                   Left Wing                Right Wing               Defense                  Defense                  
   Pavel Datsyuk            Max Pacioretty           Martin Havlat            Mike Lundin              Dennis Wideman           

Last Minutes Defensive
   Center                   Left Wing                Right Wing               Defense                  Defense                  
   Pavel Datsyuk            Max Pacioretty           Martin Havlat            Mike Lundin              Dennis Wideman           

Goaltenders
Starting : Rick DiPietro            
Backup : Marek Schwarz            

Extra Forwards
Normal : Peter Mueller, Marcus Nilson, Andreas Nodl - PP : Peter Mueller, Marcus Nilson - PK : Andreas Nodl
Extra Defensemen
Normal : Ryan Wilson, Timothy Kunes, Branislav Mezei - PP : Ryan Wilson - PK : Timothy Kunes, Branislav Mezei
Penalty Shots
Martin Havlat, Pavel Datsyuk, Max Pacioretty, Devin Setoguchi, Mike Comrie

Scratches
Andrew Gordon (Healthy), Cam Fowler (Left Leg Injury), Patrick O'Sullivan (Healthy)

% Time on Ice - Blackhawks

Lines # - Real PCT - Wanted PCT - Time Play
Normal Forward
1 - 30% - 40% - 11:43
2 - 31% - 30% - 11:54
3 - 27% - 20% - 10:35
4 - 12% - 10% - 4:36
Normal Defense
1 - 36% - 40% - 13:53
2 - 34% - 30% - 13:19
3 - 23% - 20% - 9:07
4 - 6% - 10% - 2:29
PP Forward
1 - 59% - 60% - 7:03
2 - 41% - 40% - 4:52
PP Defense
1 - 63% - 60% - 7:32
2 - 37% - 40% - 4:23
PK Forward
1 - 77% - 60% - 4:57
2 - 23% - 40% - 1:31
PK Defense
1 - 67% - 60% - 4:20
2 - 33% - 40% - 2:08
PK3 Forward
1 - 100% - 60% - 1:26
2 - 0% - 40% - 0:00
PK3 Defense
1 - 59% - 60% - 0:51
2 - 41% - 40% - 0:35
44 Forward
1 - 100% - 60% - 1:23
2 - 0% - 40% - 0:00
44 Defense
1 - 41% - 60% - 0:34
2 - 59% - 40% - 0:49
Last Minute Offensive  - 0:00
Last Minute Defensive  - 0:00
Total
Forward - 60:00
Defense - 60:00

% Time on Ice - Blue Jackets

Lines # - Real PCT - Wanted PCT - Time Play
Normal Forward
1 - 32% - 40% - 12:21
2 - 29% - 30% - 11:23
3 - 22% - 20% - 8:35
4 - 17% - 10% - 6:29
Normal Defense
1 - 42% - 40% - 16:15
2 - 29% - 30% - 11:17
3 - 26% - 20% - 10:10
4 - 3% - 10% - 1:06
PP Forward
1 - 57% - 60% - 4:29
2 - 43% - 40% - 3:25
PP Defense
1 - 54% - 60% - 4:16
2 - 46% - 40% - 3:38
PK Forward
1 - 74% - 60% - 8:47
2 - 26% - 40% - 3:08
PK Defense
1 - 58% - 60% - 6:56
2 - 42% - 40% - 4:59
PK3 Forward
1 - 0% - 60%
2 - 0% - 40%
PK3 Defense
1 - 0% - 60%
2 - 0% - 40%
44 Forward
1 - 100% - 60% - 1:23
2 - 0% - 40% - 0:00
44 Defense
1 - 100% - 60% - 1:23
2 - 0% - 40% - 0:00
Last Minute Offensive  - 0:00
Last Minute Defensive  - 0:00
Total
Forward - 60:00
Defense - 60:00

Play-by-Play

1st period


0:01 of 1st period - Pavel Datsyuk wins face-off versus Derick Brassard in neutral zone.
1:26 of 1st period - Snap shot by Chris Kreider.
1:26 of 1st period - Stopped by Rick DiPietro with a rebound.
1:28 of 1st period - Snap shot by Lasse Kukkonen.
1:28 of 1st period - Shot Blocked by Branislav Mezei.
1:30 of 1st period - Wrist shot by Bobby Ryan.
1:30 of 1st period - Stopped by Rick DiPietro with a rebound.
2:21 of 1st period - Slapshot by Andreas Nodl.
2:21 of 1st period - Deflect By Peter Mueller.
2:21 of 1st period - Stopped by Jimmy Howard without a rebound.
2:22 of 1st period - Pavel Datsyuk wins face-off versus Peter Regin in Blackhawks zone.
2:49 of 1st period - Mike Comrie is hit by Zac Rinaldo and loses puck.
3:18 of 1st period - Antoine Roussel is hit by Kevin Porter.
4:26 of 1st period - Slapshot by Antoine Roussel.
4:26 of 1st period - Shot Misses the Net.
4:28 of 1st period - Wrist shot by Rick Nash.
4:28 of 1st period - Blackhawks goal is going for a video replay.
4:28 of 1st period - The goal is good.
4:28 of 1st period - Goal by Rick Nash - Blackhawks : 1 - Blue Jackets : 0.
4:29 of 1st period - Derick Brassard wins face-off versus Pavel Datsyuk in neutral zone.
4:41 of 1st period - Antoine Roussel is hit by Martin Havlat and loses puck.
5:42 of 1st period - Off-side.
5:43 of 1st period - Kevin Porter wins face-off versus Rick Nash in neutral zone.
6:29 of 1st period - Slapshot by Rick Nash.
6:29 of 1st period - Shot Misses the Net.
6:31 of 1st period - Wrist shot by Antoine Roussel.
6:31 of 1st period - Shot Misses the Net.
6:49 of 1st period - Marcus Nilson is hit by Tomas Fleischmann and loses puck.
7:27 of 1st period - Wrist shot by Cam Janssen.
7:27 of 1st period - Shot Misses the Net.
7:29 of 1st period - Slapshot by Dalton Prout.
7:29 of 1st period - Stopped by Rick DiPietro with a rebound.
7:43 of 1st period - Slapshot by Cam Janssen.
7:43 of 1st period - Shot Misses the Net.
7:59 of 1st period - Backhand shot by Cam Janssen.
7:59 of 1st period - Stopped by Rick DiPietro without a rebound.
8:00 of 1st period - Rick Nash wins face-off versus Mike Comrie in Blue Jackets zone.
8:01 of 1st period - Slapshot by Antoine Roussel.
8:01 of 1st period - Shot Misses the Net.
9:06 of 1st period - Rick Nash is hit by Mike York and loses puck.
9:41 of 1st period - Snap shot by Peter Mueller.
9:41 of 1st period - Stopped by Jimmy Howard with a rebound.
9:45 of 1st period - Slapshot by Martin Havlat.
9:45 of 1st period - Shot Misses the Net.
9:47 of 1st period - Slapshot by Dennis Wideman.
9:47 of 1st period - Shot Blocked by Denis Grebeshkov.
10:07 of 1st period - Minor Penalty to Daniel Cleary for Tripping.
10:08 of 1st period - Rick Nash wins face-off versus Pavel Datsyuk in Blackhawks zone.
10:19 of 1st period - Snap shot by Pavel Datsyuk.
10:19 of 1st period - Deflect By Martin Havlat.
10:19 of 1st period - Shot Blocked by Lasse Kukkonen.
10:19 of 1st period - Puck is out of play.
10:20 of 1st period - Rick Nash wins face-off versus Pavel Datsyuk in Blackhawks zone.
10:58 of 1st period - Snap shot by Antoine Roussel.
10:58 of 1st period - Stopped by Rick DiPietro with a rebound.
11:08 of 1st period - Antoine Roussel is hit by Mike Lundin.
12:02 of 1st period - Max Pacioretty is hit by Joni Pitkanen.
12:07 of 1st period - Penalty to Daniel Cleary is over, Daniel Cleary is back on ice.
12:16 of 1st period - Slapshot by Peter Mueller.
12:16 of 1st period - Stopped by Jimmy Howard without a rebound.
12:17 of 1st period - Peter Mueller wins face-off versus Zac Rinaldo in Blackhawks zone.
12:27 of 1st period - Off-side.
12:28 of 1st period - Mike Comrie wins face-off versus Derick Brassard in neutral zone.
12:31 of 1st period - Snap shot by Mike Comrie.
12:31 of 1st period - Stopped by Jimmy Howard without a rebound.
12:32 of 1st period - Mike Comrie wins face-off versus Derick Brassard in Blackhawks zone.
12:33 of 1st period - Snap shot by Rostislav Olesz.
12:33 of 1st period - Goal by Rostislav Olesz - Blackhawks : 1 - Blue Jackets : 1.
12:34 of 1st period - Derick Brassard wins face-off versus Pavel Datsyuk in neutral zone.
12:41 of 1st period - Snap shot by Rick Nash.
12:41 of 1st period - Stopped by Rick DiPietro with a rebound.
12:43 of 1st period - Slapshot by Mike Green.
12:43 of 1st period - Shot Blocked by Dennis Wideman.
12:45 of 1st period - Slapshot by Joni Pitkanen.
12:45 of 1st period - Shot Misses the Net.
12:47 of 1st period - Slapshot by Antoine Roussel.
12:47 of 1st period - Shot Misses the Net.
12:49 of 1st period - Snap shot by Rick Nash.
12:49 of 1st period - Stopped by Rick DiPietro without a rebound.
12:50 of 1st period - Peter Regin wins face-off versus Mike Comrie in Blue Jackets zone.
12:53 of 1st period - Wrist shot by Bobby Ryan.
12:53 of 1st period - Stopped by Rick DiPietro with a rebound.
12:55 of 1st period - Slapshot by Mike Green.
12:55 of 1st period - Shot Misses the Net.
12:59 of 1st period - Slapshot by Chris Kreider.
12:59 of 1st period - Shot Misses the Net.
13:01 of 1st period - Wrist shot by Chris Kreider.
13:01 of 1st period - Stopped by Rick DiPietro without a rebound.
13:02 of 1st period - Pavel Datsyuk wins face-off versus Derick Brassard in Blue Jackets zone.
13:04 of 1st period - Double Minor Penalty to Pavel Datsyuk for Slashing.
13:05 of 1st period - Derick Brassard wins face-off versus Martin Havlat in Blue Jackets zone.
13:05 of 1st period - Wrist shot by Antoine Roussel.
13:05 of 1st period - Shot Misses the Net.
13:07 of 1st period - Wrist shot by Mike Green.
13:07 of 1st period - Deflect By Mike Lundin.
13:07 of 1st period - Goal by Mike Green - Blackhawks : 2 - Blue Jackets : 1.
13:08 of 1st period - Martin Havlat wins face-off versus Derick Brassard in neutral zone.
13:25 of 1st period - Slapshot by Antoine Roussel.
13:25 of 1st period - Shot Blocked by Martin Havlat.
14:48 of 1st period - Slapshot by Mike Lundin.
14:48 of 1st period - Deflect By Devin Setoguchi.
14:48 of 1st period - Shot Misses the Net.
14:48 of 1st period - Puck is out of play.
14:49 of 1st period - Peter Regin wins face-off versus Max Pacioretty in Blackhawks zone.
15:07 of 1st period - Penalty to Pavel Datsyuk is over, Pavel Datsyuk is back on ice.
15:12 of 1st period - Mike Lundin is hit by Tomas Fleischmann and loses puck.
15:21 of 1st period - Wrist shot by Tomas Fleischmann.
15:21 of 1st period - Stopped by Rick DiPietro with a rebound.
15:41 of 1st period - Wrist shot by Devin Setoguchi.
15:41 of 1st period - Stopped by Jimmy Howard with a rebound.
15:43 of 1st period - Slapshot by Devin Setoguchi.
15:43 of 1st period - Deflect By Daniel Cleary.
15:43 of 1st period - Goal by Devin Setoguchi - Blackhawks : 2 - Blue Jackets : 2.
15:44 of 1st period - Pavel Datsyuk wins face-off versus Peter Regin in neutral zone.
16:18 of 1st period - Joni Pitkanen is hit by Martin Havlat and loses puck.
16:26 of 1st period - Icing by Joni Pitkanen.
16:27 of 1st period - Mike Comrie wins face-off versus Derick Brassard in Blackhawks zone.
16:42 of 1st period - Wrist shot by Antoine Roussel.
16:42 of 1st period - Stopped by Rick DiPietro without a rebound.
16:43 of 1st period - Marcus Nilson wins face-off versus Peter Regin in Blue Jackets zone.
16:50 of 1st period - Chris Kreider is hit by Peter Mueller and loses puck.
17:35 of 1st period - Slapshot by Hampus Lindholm.
17:35 of 1st period - Stopped by Rick DiPietro without a rebound.
17:36 of 1st period - Pavel Datsyuk wins face-off versus Derick Brassard in Blue Jackets zone.
17:47 of 1st period - Wrist shot by Martin Havlat.
17:47 of 1st period - Stopped by Jimmy Howard without a rebound.
17:48 of 1st period - Pavel Datsyuk wins face-off versus Derick Brassard in Blackhawks zone.
17:57 of 1st period - Snap shot by Pavel Datsyuk.
17:57 of 1st period - Stopped by Jimmy Howard without a rebound.
17:58 of 1st period - Pavel Datsyuk wins face-off versus Derick Brassard in Blackhawks zone.
18:03 of 1st period - Slapshot by Pavel Datsyuk.
18:03 of 1st period - Shot Misses the Net.
18:05 of 1st period - Wrist shot by Pavel Datsyuk.
18:05 of 1st period - Shot Blocked by Derick Brassard.
18:07 of 1st period - Slapshot by Pavel Datsyuk.
18:07 of 1st period - Shot Blocked by Joni Pitkanen.
18:09 of 1st period - Slapshot by A.J Thelen.
18:09 of 1st period - Stopped by Jimmy Howard without a rebound.
18:10 of 1st period - Derick Brassard wins face-off versus Mike Comrie in Blackhawks zone.
18:10 of 1st period - Derick Brassard is hit by Dennis Wideman.
18:24 of 1st period - Wrist shot by Antoine Roussel.
18:24 of 1st period - Shot Blocked by Devin Setoguchi.
19:20 of 1st period - Snap shot by Derick Brassard.
19:20 of 1st period - Stopped by Rick DiPietro without a rebound.
19:21 of 1st period - Derick Brassard wins face-off versus Kevin Porter in Blue Jackets zone.
19:53 of 1st period - Minor Penalty to Mike York for Roughing.
19:54 of 1st period - Peter Regin wins face-off versus Martin Havlat in Blue Jackets zone.
Goals for this period are 2 for Blackhawks vs 2 for Blue Jackets.
Shots for this period are 15 for Blackhawks vs 10 for Blue Jackets.

2nd period


0:01 of 2nd period - Martin Havlat wins face-off versus Derick Brassard in neutral zone.
0:04 of 2nd period - Wrist shot by Mike Lundin.
0:04 of 2nd period - Stopped by Jimmy Howard without a rebound.
0:05 of 2nd period - Derick Brassard wins face-off versus Martin Havlat in Blackhawks zone.
0:54 of 2nd period - Max Pacioretty is hit by Denis Grebeshkov and loses puck.
1:05 of 2nd period - Martin Havlat is hit by Lasse Kukkonen and loses puck.
1:53 of 2nd period - Penalty to Mike York is over, Mike York is back on ice.
2:04 of 2nd period - Snap shot by Cam Janssen.
2:04 of 2nd period - Shot Misses the Net.
2:08 of 2nd period - Wrist shot by Tomas Fleischmann.
2:08 of 2nd period - Stopped by Rick DiPietro without a rebound.
2:09 of 2nd period - Zac Rinaldo wins face-off versus Mike Comrie in Blue Jackets zone.
2:10 of 2nd period - Slapshot by Cam Janssen.
2:10 of 2nd period - Shot Blocked by A.J Thelen.
2:12 of 2nd period - Wrist shot by Zac Rinaldo.
2:12 of 2nd period - Shot Misses the Net.
2:14 of 2nd period - Slapshot by Lasse Kukkonen.
2:14 of 2nd period - Shot Blocked by A.J Thelen.
2:16 of 2nd period - Wrist shot by Zac Rinaldo.
2:16 of 2nd period - Stopped by Rick DiPietro with a rebound.
2:30 of 2nd period - Minor Penalty to Branislav Mezei for Hooking.
2:31 of 2nd period - Derick Brassard wins face-off versus Martin Havlat in Blue Jackets zone.
2:36 of 2nd period - Slapshot by Antoine Roussel.
2:36 of 2nd period - Shot Misses the Net.
2:38 of 2nd period - Slapshot by Mike Green.
2:38 of 2nd period - Shot Misses the Net.
3:06 of 2nd period - Minor Penalty to Bobby Ryan for Hooking.
3:07 of 2nd period - Rick Nash wins face-off versus Martin Havlat in Blackhawks zone.
3:07 of 2nd period - Rick Nash is hit by Martin Havlat.
3:17 of 2nd period - Slapshot by Derick Brassard.
3:17 of 2nd period - Stopped by Rick DiPietro without a rebound.
3:18 of 2nd period - Rick Nash wins face-off versus Martin Havlat in Blue Jackets zone.
4:20 of 2nd period - Slapshot by Rick Nash.
4:20 of 2nd period - Shot Misses the Net.
4:30 of 2nd period - Penalty to Branislav Mezei is over, Branislav Mezei is back on ice.
4:30 of 2nd period - Wrist shot by Rick Nash.
4:30 of 2nd period - Goal by Rick Nash - Blackhawks : 3 - Blue Jackets : 2.
4:31 of 2nd period - Mike Comrie wins face-off versus Antoine Roussel in neutral zone.
4:40 of 2nd period - Snap shot by Devin Setoguchi.
4:40 of 2nd period - Stopped by Jimmy Howard with a rebound.
5:06 of 2nd period - Penalty to Bobby Ryan is over, Bobby Ryan is back on ice.
5:22 of 2nd period - Wrist shot by Tomas Fleischmann.
5:22 of 2nd period - Shot Misses the Net.
5:24 of 2nd period - Slapshot by Lasse Kukkonen.
5:24 of 2nd period - Deflect By Tomas Fleischmann.
5:24 of 2nd period - Shot Misses the Net.
5:24 of 2nd period - Puck is out of play.
5:25 of 2nd period - Peter Mueller wins face-off versus Chris Kreider in Blue Jackets zone.
5:30 of 2nd period - Snap shot by Branislav Mezei.
5:30 of 2nd period - Shot Hit the Post.
5:41 of 2nd period - Minor Penalty to Peter Mueller for Interference.
5:42 of 2nd period - Derick Brassard wins face-off versus Martin Havlat in Blue Jackets zone.
7:41 of 2nd period - Penalty to Peter Mueller is over, Peter Mueller is back on ice.
7:45 of 2nd period - Slapshot by Peter Mueller.
7:45 of 2nd period - Shot Blocked by Mike Green.
7:59 of 2nd period - Joni Pitkanen is hit by Ryan Wilson and loses puck.
8:12 of 2nd period - Ryan Wilson is hit by Zac Rinaldo.
8:45 of 2nd period - Denis Grebeshkov is hit by Marcus Nilson and loses puck.
8:51 of 2nd period - Icing by Daniel Cleary.
8:52 of 2nd period - Mike Comrie wins face-off versus Daniel Cleary in Blackhawks zone.
8:55 of 2nd period - Snap shot by Rostislav Olesz.
8:55 of 2nd period - Shot Misses the Net.
9:08 of 2nd period - Slapshot by Denis Grebeshkov.
9:08 of 2nd period - Deflect By Mason Raymond.
9:08 of 2nd period - Shot Misses the Net.
9:08 of 2nd period - Puck is out of play.
9:09 of 2nd period - Pavel Datsyuk wins face-off versus Derick Brassard in Blue Jackets zone.
9:26 of 2nd period - Slapshot by Antoine Roussel.
9:26 of 2nd period - Shot Misses the Net.
10:18 of 2nd period - Dalton Prout is hit by Martin Havlat and loses puck.
10:23 of 2nd period - Snap shot by Martin Havlat.
10:23 of 2nd period - Stopped by Jimmy Howard with a rebound.
10:25 of 2nd period - Snap shot by Max Pacioretty.
10:25 of 2nd period - Stopped by Jimmy Howard with a rebound.
10:35 of 2nd period - Backhand shot by Rostislav Olesz.
10:35 of 2nd period - Shot Misses the Net.
11:13 of 2nd period - Kevin Marshall is hit by Dennis Wideman and loses puck.
11:34 of 2nd period - Peter Regin is hit by Pavel Datsyuk and loses puck.
12:06 of 2nd period - Icing by Timothy Kunes.
12:07 of 2nd period - Zac Rinaldo wins face-off versus Mike Comrie in Blue Jackets zone.
12:08 of 2nd period - Snap shot by Cam Janssen.
12:08 of 2nd period - Stopped by Rick DiPietro with a rebound.
12:12 of 2nd period - Snap shot by Tomas Fleischmann.
12:12 of 2nd period - Shot Misses the Net.
13:02 of 2nd period - Snap shot by Marcus Nilson.
13:02 of 2nd period - Shot Misses the Net.
13:04 of 2nd period - Slapshot by Timothy Kunes.
13:04 of 2nd period - Shot Blocked by Joni Pitkanen.
13:06 of 2nd period - Slapshot by Ryan Wilson.
13:06 of 2nd period - Stopped by Jimmy Howard with a rebound.
13:58 of 2nd period - Snap shot by Mike Comrie.
13:58 of 2nd period - Stopped by Jimmy Howard with a rebound.
14:10 of 2nd period - Bobby Ryan is hit by Andreas Nodl and loses puck.
14:53 of 2nd period - Dennis Wideman is hit by Zac Rinaldo and loses puck.
15:04 of 2nd period - Chris Kreider is hit by Rostislav Olesz and loses puck.
15:21 of 2nd period - Antoine Roussel is hit by Andreas Nodl and loses puck.
15:36 of 2nd period - Minor Penalty to Antoine Roussel for Hooking.
15:37 of 2nd period - Pavel Datsyuk wins face-off versus Rick Nash in Blackhawks zone.
15:52 of 2nd period - Wrist shot by Pavel Datsyuk.
15:52 of 2nd period - Shot Blocked by Derick Brassard.
15:54 of 2nd period - Slapshot by A.J Thelen.
15:54 of 2nd period - Shot Blocked by Joni Pitkanen.
16:11 of 2nd period - Icing by Mike Comrie.
16:12 of 2nd period - Mike Comrie wins face-off versus Bobby Ryan in Blue Jackets zone.
17:36 of 2nd period - Penalty to Antoine Roussel is over, Antoine Roussel is back on ice.
17:55 of 2nd period - Off-side.
17:56 of 2nd period - Peter Regin wins face-off versus Kevin Porter in neutral zone.
18:05 of 2nd period - Wrist shot by Tyler Kennedy.
18:05 of 2nd period - Stopped by Jimmy Howard without a rebound.
18:05 of 2nd period - Minor Penalty to Jimmy Howard for Delaying the game.
18:06 of 2nd period - Max Pacioretty wins face-off versus Rick Nash in Blackhawks zone.
18:07 of 2nd period - Slapshot by Pavel Datsyuk.
18:07 of 2nd period - Stopped by Jimmy Howard with a rebound.
18:09 of 2nd period - Snap shot by Martin Havlat.
18:09 of 2nd period - Shot Misses the Net.
18:21 of 2nd period - Slapshot by Pavel Datsyuk.
18:21 of 2nd period - Shot Misses the Net.
18:23 of 2nd period - Slapshot by Pavel Datsyuk.
18:23 of 2nd period - Stopped by Jimmy Howard without a rebound.
18:24 of 2nd period - Mike Comrie wins face-off versus Rick Nash in Blackhawks zone.
18:38 of 2nd period - Minor Penalty to Rick Nash for Holding.
18:39 of 2nd period - Pavel Datsyuk wins face-off versus Daniel Cleary in Blackhawks zone.
19:05 of 2nd period - Mike Green is hit by Mike Comrie.
Goals for this period are 1 for Blackhawks vs 0 for Blue Jackets.
Shots for this period are 5 for Blackhawks vs 9 for Blue Jackets.

3rd period


0:01 of 3rd period - Daniel Cleary wins face-off versus Pavel Datsyuk in neutral zone.
0:05 of 3rd period - Penalty to Dalton Prout is over, Dalton Prout is back on ice.
0:18 of 3rd period - Joni Pitkanen is hit by Max Pacioretty and loses puck.
0:38 of 3rd period - Penalty to Rick Nash is over, Rick Nash is back on ice.
1:28 of 3rd period - Minor Penalty to Max Pacioretty for Roughing.
1:29 of 3rd period - Martin Havlat wins face-off versus Derick Brassard in Blue Jackets zone.
1:40 of 3rd period - Slapshot by Joni Pitkanen.
1:40 of 3rd period - Goal by Joni Pitkanen - Blackhawks : 4 - Blue Jackets : 2.
1:41 of 3rd period - Derick Brassard wins face-off versus Pavel Datsyuk in neutral zone.
2:14 of 3rd period - Slapshot by Chris Kreider.
2:14 of 3rd period - Shot Misses the Net.
2:28 of 3rd period - Denis Grebeshkov is hit by Dennis Wideman and loses puck.
2:43 of 3rd period - Minor Penalty to Peter Mueller for Hooking.
2:44 of 3rd period - Martin Havlat wins face-off versus Derick Brassard in Blue Jackets zone.
3:01 of 3rd period - Snap shot by Antoine Roussel.
3:01 of 3rd period - Stopped by Rick DiPietro with a rebound.
3:52 of 3rd period - Snap shot by Chris Kreider.
3:52 of 3rd period - Goal by Chris Kreider - Blackhawks : 5 - Blue Jackets : 2.
3:52 of 3rd period - Marek Schwarz enters game.
3:53 of 3rd period - Derick Brassard wins face-off versus Pavel Datsyuk in neutral zone.
4:49 of 3rd period - Slapshot by Andreas Nodl.
4:49 of 3rd period - Shot Misses the Net.
4:51 of 3rd period - Minor Penalty to Dalton Prout for Hooking.
4:52 of 3rd period - Rick Nash wins face-off versus Pavel Datsyuk in Blackhawks zone.
5:09 of 3rd period - Slapshot by Martin Havlat.
5:09 of 3rd period - Goal by Martin Havlat - Blackhawks : 5 - Blue Jackets : 3.
5:10 of 3rd period - Derick Brassard wins face-off versus Pavel Datsyuk in neutral zone.
5:37 of 3rd period - Pavel Datsyuk is hit by Cam Janssen.
5:41 of 3rd period - Slapshot by Mike Lundin.
5:41 of 3rd period - Shot Blocked by Tomas Fleischmann.
6:34 of 3rd period - Kevin Marshall is hit by Andreas Nodl and loses puck.
7:13 of 3rd period - Wrist shot by Rostislav Olesz.
7:13 of 3rd period - Stopped by Jimmy Howard with a rebound.
7:29 of 3rd period - Snap shot by Rick Nash.
7:29 of 3rd period - Goal by Rick Nash - Blackhawks : 6 - Blue Jackets : 3.
7:30 of 3rd period - Pavel Datsyuk wins face-off versus Derick Brassard in neutral zone.
7:46 of 3rd period - Mike Lundin is hit by Mike Green and loses puck.
8:02 of 3rd period - Wrist shot by Mike Comrie.
8:02 of 3rd period - Deflect By Mike Green.
8:02 of 3rd period - Shot Misses the Net.
8:02 of 3rd period - Puck is out of play.
8:03 of 3rd period - Mike Comrie wins face-off versus Chris Kreider in Blackhawks zone.
8:39 of 3rd period - Snap shot by Peter Regin.
8:39 of 3rd period - Shot Misses the Net.
9:04 of 3rd period - Wrist shot by Peter Regin.
9:04 of 3rd period - Shot Blocked by Mike Lundin.
9:06 of 3rd period - Slapshot by Joni Pitkanen.
9:06 of 3rd period - Shot Misses the Net.
9:08 of 3rd period - Slapshot by Mike Green.
9:08 of 3rd period - Shot Misses the Net.
9:19 of 3rd period - Minor Penalty to Dennis Wideman for Hooking.
9:20 of 3rd period - Martin Havlat wins face-off versus Antoine Roussel in Blue Jackets zone.
9:28 of 3rd period - Wrist shot by Pavel Datsyuk.
9:28 of 3rd period - Shot Misses the Net.
9:59 of 3rd period - Snap shot by Andreas Nodl.
9:59 of 3rd period - Stopped by Jimmy Howard with a rebound.
10:29 of 3rd period - Snap shot by Daniel Cleary.
10:29 of 3rd period - Shot Blocked by Pavel Datsyuk.
10:31 of 3rd period - Slapshot by Joni Pitkanen.
10:31 of 3rd period - Shot Misses the Net.
11:13 of 3rd period - Andreas Nodl is hit by Mason Raymond and loses puck.
11:19 of 3rd period - Penalty to Dennis Wideman is over, Dennis Wideman is back on ice.
12:45 of 3rd period - Lasse Kukkonen is hit by Tyler Kennedy and loses puck.
13:23 of 3rd period - Mike Green is hit by Rostislav Olesz and loses puck.
14:04 of 3rd period - Icing by Mike Lundin.
14:05 of 3rd period - Kevin Porter wins face-off versus Rick Nash in Blue Jackets zone.
14:05 of 3rd period - Kevin Porter is hit by Daniel Cleary.
14:11 of 3rd period - Wrist shot by Daniel Cleary.
14:11 of 3rd period - Shot Blocked by Mike Lundin.
14:31 of 3rd period - Wrist shot by Rostislav Olesz.
14:31 of 3rd period - Shot Misses the Net.
14:38 of 3rd period - Icing by Denis Grebeshkov.
14:39 of 3rd period - Peter Regin wins face-off versus Pavel Datsyuk in Blackhawks zone.
14:44 of 3rd period - Slapshot by Denis Grebeshkov.
14:44 of 3rd period - Deflect By Pavel Datsyuk.
14:44 of 3rd period - Stopped by Marek Schwarz without a rebound.
14:45 of 3rd period - Derick Brassard wins face-off versus Pavel Datsyuk in Blue Jackets zone.
14:46 of 3rd period - Wrist shot by Antoine Roussel.
14:46 of 3rd period - Stopped by Marek Schwarz with a rebound.
14:52 of 3rd period - Wrist shot by Martin Havlat.
14:52 of 3rd period - Shot Blocked by Joni Pitkanen.
15:48 of 3rd period - Snap shot by Chris Kreider.
15:48 of 3rd period - Stopped by Marek Schwarz without a rebound.
15:49 of 3rd period - Mike Comrie wins face-off versus Derick Brassard in Blue Jackets zone.
16:32 of 3rd period - Timothy Kunes is hit by Chris Kreider.
16:57 of 3rd period - Minor Penalty to Timothy Kunes for Interference.
16:58 of 3rd period - Derick Brassard wins face-off versus Martin Havlat in Blue Jackets zone.
18:57 of 3rd period - Penalty to Timothy Kunes is over, Timothy Kunes is back on ice.
19:01 of 3rd period - Slapshot by Mike Lundin.
19:01 of 3rd period - Deflect By Tyler Kennedy.
19:01 of 3rd period - Shot Misses the Net.
19:01 of 3rd period - Puck is out of play.
19:02 of 3rd period - Kevin Porter wins face-off versus Zac Rinaldo in Blackhawks zone.
19:15 of 3rd period - Wrist shot by Tyler Kennedy.
19:15 of 3rd period - Shot Misses the Net.
19:17 of 3rd period - Slapshot by Ryan Wilson.
19:17 of 3rd period - Stopped by Jimmy Howard without a rebound.
19:18 of 3rd period - Mike Comrie wins face-off versus Derick Brassard in Blackhawks zone.
19:25 of 3rd period - Wrist shot by Mike Comrie.
19:25 of 3rd period - Stopped by Jimmy Howard without a rebound.
19:26 of 3rd period - Derick Brassard wins face-off versus Mike Comrie in Blackhawks zone.
19:26 of 3rd period - Derick Brassard is hit by Rostislav Olesz.
19:29 of 3rd period - Minor Penalty to Antoine Roussel for Interference.
19:30 of 3rd period - Pavel Datsyuk wins face-off versus Rick Nash in Blackhawks zone.
19:46 of 3rd period - Snap shot by Pavel Datsyuk.
19:46 of 3rd period - Stopped by Jimmy Howard with a rebound.
19:56 of 3rd period - Rick Nash is hit by Mike Lundin.
Goals for this period are 3 for Blackhawks vs 1 for Blue Jackets.
Shots for this period are 7 for Blackhawks vs 6 for Blue Jackets.